 Dungeon Crawl Stone Soup version 0.27-a0-1325-g58a489ad9e (webtiles) character file.

Game seed: 2111933754254904356

1 Brandom the Sneak (level 1, -1/18 HPs)
             Began as a Demonspawn Delver on June 24, 2021.
             Slain by a quokka (4 damage)
             ... on level 2 of the Dungeon.
             The game lasted 00:02:02 (84 turns).

Brandom the Sneak (Demonspawn Delver)                 Turns: 84, Time: 00:02:02

Health: -1/18      AC:  3    Str: 12    XL:     1   Next: 16%
Magic:  1/1        EV: 11    Int: 11    God:
Gold:   0          SH:  0    Dex: 14    Spells: 0/0 levels left

rFire    . . .     SeeInvis .   a - +0 falchion
rCold    . . .     Faith    .   (no shield)
rNeg     . . .     Spirit   .   b - +0 leather armour
rPois    .         Reflect  .   (no helmet)
rElec    .         Harm     .   (no cloak)
rCorr    .         Rampage  .   (no gloves)
Will     .....                  (no boots)
Stlth    ++........             (no amulet)
HPRegen  0.06/turn              (no ring)
MPRegen  0.07/turn              (no ring)

@: no status effects
A: no striking features
a: no special abilities


You were on level 2 of the Dungeon.
You visited 1 branch of the dungeon, and saw 4 of its levels.

Inventory:

Hand Weapons
 a - a +0 falchion (weapon)
Armour
 b - a +0 leather armour (worn)
Wands
 v - a wand of digging (3)
Scrolls
 c - a scroll of fog
 d - a scroll of magic mapping
 e - a scroll of fear
Potions
 f - a potion of haste {@q3}


   Skills:
 * Level 3.0 Fighting
 * Level 1.8 Long Blades
 + Level 0.0 Armour
 + Level 1.8 Dodging
 - Level 4.5 Stealth


You couldn't memorise any spells.
You didn't know any spells.
Your spell library was empty.

Dungeon Overview and Level Annotations

Branches:
Dungeon (5/15)
 Temple: D:4-7

Altars:
Ru

Annotations:
D:3 Grinder
D:4 Robin


Message History

You hit the hobgoblin but do no damage.
A worm comes into view.
An orc priest comes into view. It is wielding a +0 club.
An orc comes into view. It is wielding a +0 war axe.
Grinder comes into view.
The orc priest looks satisfied for a moment.
Grinder shouts!
Grinder barely misses you.
The orc priest begins to cast a cantrip, but forgets the words!
Grinder blinks!
Grinder blinks!
Grinder blinks!
Found a sedimented pink potion.
Grinder says, "Are you a fish?"
A quokka comes into view.
The orc hits you with a +0 club.
* * * LOW HITPOINT WARNING * * *
An orc opens the door.
Found a sacrificial altar of Ru.
A ball python and an orc wizard come into view.
The ball python moves out of view.
The orc wizard moves out of view.
You see here a sedimented pink potion.
Grinder says, "I used to sell toenails on the black market."
The quokka closely misses you.
Found a shiny ring mail.
Found a stone staircase leading up.
A hobgoblin comes into view.
The quokka closely misses you.
Found 26 stones.
Found 12 gold pieces.
A ball python comes into view.
Grinder blinks!
Found a glowing amethyst potion.
There is a stone staircase leading up here.
The quokka barely misses you.
You climb upwards.
A giant cockroach comes into view.
There is a stone staircase leading down here.
You barely miss the quokka. The quokka bites you.
* * * LOW HITPOINT WARNING * * *
The quokka barely misses you.
You riposte.
You closely miss the quokka. You closely miss the quokka. The quokka bites you.
* * * LOW HITPOINT WARNING * * *
Okay, then.
Sorry, you're not good enough to have a special ability.
You barely miss the quokka. The quokka barely misses you.
The quokka closely misses you.
You barely miss the quokka. The quokka barely misses you.
You hit the quokka. The quokka bites you.
You die...

#.##. ....
#...##
.....#
##.....#
####...B..#
+....r...###
#@......#
#.......#
#.......#
#.......#
#.......#
#.......#
#.......#
#####.###


You could see a quokka and a giant cockroach (asleep).

Vanquished Creatures
  A hobgoblin (D:3)
1 creature vanquished.

Vanquished Creatures (others)
  3 plants (D:3)
3 creatures vanquished.

Grand Total: 4 creatures vanquished

Notes
Turn   | Place    | Note
-------+----------+-------------------------------------------
     0 | D:5      | Brandom the Demonspawn Delver began the quest for the Orb.
     0 | D:5      | Reached XP level 1. HP: 18/18 MP: 1/1
     2 | D:5      | Noticed a sky beast
    14 | D:4      | Noticed Robin
    33 | D:3      | Noticed an orc priest
    38 | D:3      | Noticed an orc priest
    39 | D:3      | Noticed Grinder
    60 | D:3      | Found a sacrificial altar of Ru.
    61 | D:3      | Noticed an orc wizard
    84 | D:2      | Slain by a quokka

Illustrated notes

Levels and vault maps discovered:
D:2:      layout_loops_corners, uniq_sigmund, uniq_natasha
D:3:      layout_rooms, nicolae_ru_great_annihilating_truth, serial_shops,
          nicolae_shop_overgrown_old_shop, uniq_ijyb, uniq_grinder
D:4:      cheibrodos_fertilizer, layout_cave_pools,
          gammafunk_ghost_abyssal_escape, serial_bayou_pond_d, uniq_robin,
          uniq_crazy_yiuf_cottage, uniq_blork_the_orc
D:5:      layout_loops_cross, minitemple, serial_undead, serial_undead_a,
          serial_undead_f, serial_undead_c, serial_undead_d,
          gammafunk_ghost_necromancy, uniq_prince_ribbit1, uniq_duvessa,
          uniq_pikel

Action                   || total
-------------------------++-------
Melee: Falchion          ||    13
Dodge: Dodged            ||    12
       Rpst.: Falchion   ||     3

Table legend: (Time is in decaauts)
 A = Elapsed time spent in this place.
 B = Non-inter-level travel time spent in this place.
 C = Inter-level travel time spent in this place.
 D = Time resting spent in this place.
 E = Time spent auto-exploring this place.
 F = Levels seen in this place.
 G = Mean time per level.
                   A        B        C        D        E       F      G
               +--------+--------+--------+--------+--------+-----+--------+
         Total |     85 |     85 |      0 |      0 |      3 |   4 |   21.2 |
       Dungeon |     85 |     85 |      0 |      0 |      3 |   4 |   21.2 |
               +--------+--------+--------+--------+--------+-----+--------+

Top non-repeatable levels by time:
     D:3: 52 daAuts
     D:4: 20 daAuts
     D:5: 8 daAuts
     D:2: 5 daAuts
